 Dungeon Crawl Stone Soup version 0.31-a0-672-g7da72447bb (webtiles) character file.

Game seed: 2445896210765319189

35122 jlumianski the Cleaver (level 13, -9/100 HPs)
             Began as a Demonspawn Fighter on Sept 4, 2023.
             Was a Believer of Qazlal.
             Mangled by a tengu reaver
             ... wielding a +0 battleaxe
              (27 damage)
             ... on level 12 of the Dungeon.
             The game lasted 01:07:51 (15871 turns).

jlumianski the Cleaver (Demonspawn Fighter)        Turns: 15871, Time: 01:07:52

Health: -9/100     AC: 24    Str: 27    XL:     13   Next: 45%
Magic:  19/19      EV: 18    Int: 10    God:    Qazlal [**....]
Gold:   904        SH: 11    Dex: 13    Spells: 12/12 levels left

rFire   . . .        a - +0 war axe
rCold   . . .        V - +2 buckler
rNeg    + . .        q - +8 ring mail "Famizuce" {rN+}
rPois   .            z - +1 hat
rElec   .            j - +2 cloak
rCorr   .            m - +2 pair of gloves
SInv    +            f - +1 pair of boots
Will    .....        i - amulet of the acrobat
Stlth   +            h - ring of see invisible
HPRegen 0.36/turn    k - +6 ring of strength
MPRegen 0.16/turn

%: repel missiles, acrobat
@: studying Ice Magic
A: repulsion field 3, demonic guardian 2, powered by death 2
a: Renounce Religion, Upheaval


You were on level 12 of the Dungeon.
You worshipped Qazlal.
Qazlal was pleased with you.
You visited 2 branches of the dungeon, and saw 14 of its levels.

You collected 904 gold pieces.

Inventory:

Hand Weapons
 a - a +0 war axe (weapon)
 s - a +4 spear of venom
 R - a +3 trident of draining
Missiles
 l - 5 datura-tipped darts
 u - 4 throwing nets
 F - 3 boomerangs
 L - 23 poisoned darts (quivered)
 W - a curare-tipped dart
Armour
 f - a +1 pair of boots (worn)
 j - a +2 cloak (worn)
 m - a +2 pair of gloves (worn)
 q - the +8 ring mail "Famizuce" (worn) {rN+}
   (You found it on level 2 of the Dungeon)

   rN+:       It protects you from negative energy.
 z - a +1 hat (worn)
 V - a +2 buckler (worn)
Magical Staves
 D - the staff "Qoelony" {rF+ rC+ Str+4 Int-3 Fire}
   (You took it off a boggart on level 12 of the Dungeon)

   [staff of fire]

   Base accuracy: +5 Base damage: 5 Base attack delay: 1.2 This weapon's minimum
   attack delay (0.6) is reached at skill level 12.
   Str+4:     It affects your strength (+4).
   Int-3:     It affects your intelligence (-3).
   rF+:       It protects you from fire.
   rC+:       It protects you from cold.
   Fire:      It increases the power of your Fire spells.
   It falls into the 'Staves' category.
   It is a one-handed weapon.
Jewellery
 c - a +6 ring of dexterity
 e - a +6 ring of dexterity
 h - a ring of see invisible (left hand)
 i - an amulet of the acrobat (around neck)
 k - a +6 ring of strength (right hand)
 n - a +5 ring of evasion
 v - an amulet of guardian spirit
 C - a +6 ring of dexterity
 J - an amulet of magic regeneration
 K - a +5 ring of evasion
 P - a +6 ring of intelligence
Talismans
 y - a maw talisman
 G - a serpent talisman
 S - a blade talisman
Wands
 M - a wand of flame (22)
 O - a wand of mindburst (3)
 T - a wand of roots (10)
 U - a wand of digging (5)
Scrolls
 b - a scroll of blinking
 g - a scroll of poison
 A - a scroll of fear
 H - 2 scrolls of immolation
 I - 2 scrolls of teleportation
 N - a scroll of summoning
 Q - 2 scrolls of enchant armour
 X - a scroll of revelation
 Y - a scroll of torment
 Z - a scroll of identify
Potions
 d - 2 potions of brilliance
 o - 2 potions of ambrosia
 r - 2 potions of lignification
 t - a potion of mutation
 w - 2 potions of curing
 x - a potion of haste
 B - 2 potions of attraction
 E - 2 potions of cancellation


   Skills:
 + Level 8.9 Fighting
 + Level 13.6 Axes
 + Level 3.2 Throwing
 + Level 7.0 Armour
 + Level 8.0 Dodging
 - Level 0.4 Stealth
 + Level 8.6 Shields
 * Level 9.1 Invocations
 + Level 1.3 Evocations


You had 12 spell levels left.
You didn't know any spells.
Your spell library contained the following spells:

 Spells                   Type           Power      Damage    Failure   Level
 Freeze                   Ice            0%         1d3       52%         1
 Magic Dart               Conj           0%         1d3       52%         1
 Blink                    Tloc           0%         N/A       67%         2
 Call Imp                 Summ           0%         N/A       67%         2
 Lesser Beckoning         Tloc           0%         N/A       67%         2
 Momentum Strike          Conj/Tloc      0%         3d8       67%         2
 Scorch                   Fire           0%         2d5       67%         2
 Frozen Ramparts          Ice            0%         1d1       88%         3
 Gell's Gravitas          Tloc           0%         N/A       88%         3
 Hailstorm                Conj/Ice       0%         3d3       88%         3
 Inner Flame              Hex/Fire       0%         N/A       88%         3
 Mephitic Cloud           Conj/Pois/Air  0%         N/A       88%         3
 Teleport Other           Tloc           0%         N/A       88%         3
 Flame Wave               Conj/Fire      0%         2d4       99%         4
 Yara's Violent Unravell  Hex/Tmut       0%         3d3       100%        5
 Summon Cactus Giant      Summ           0%         N/A       100%        6
 Enfeeble                 Hex            0%         N/A       100%        7


Dungeon Overview and Level Annotations

Branches:
Dungeon (13/15)            Temple (1/1) D:7            Lair (0/5) D:10
    Orc (0/2) D:12
 Vaults: D:13-14

Altars:
Ashenzari
Cheibriados
Dithmenos
Fedhas
Gozag
Hepliaklqana
Kikubaaqudgha
Makhleb
Nemelex Xobeh
Okawaru
Qazlal
Ru
Sif Muna
Trog
Uskayaw
Vehumet
Wu Jian
Xom
Yredelemnul


Innate Abilities, Weirdness & Mutations

You are surrounded by a strong repulsion field. (EV +4, RMsl)
A demonic guardian rushes to your aid.
You regenerate health from kills.


Message History

The tengu reaver closely misses you.
Okay, then.
Okay, then.
Unknown command.
You barely miss the tengu reaver.
The tengu reaver is severely wounded.
You feel sick.
The tengu reaver points at you and mumbles some strange words.
The bolt of poison misses you.
You closely miss the tengu reaver.
The tengu reaver is severely wounded.
You feel sick.
You slash the tengu reaver!
The tengu reaver is severely wounded.
You feel sick.
The tengu reaver hits you but does no damage.
The tengu reaver pecks you but does no damage.
The tengu reaver claws you.
* * * LOW HITPOINT WARNING * * *
You feel better. The tengu reaver closely misses you.
You block the tengu reaver's attack. x2
You slash the tengu reaver!
The tengu reaver is almost dead.
The tengu reaver closely misses you.
The tengu reaver pecks you but does no damage.
The tengu reaver claws you but does no damage.
You closely miss the tengu reaver.
The tengu reaver is almost dead.
The tengu reaver points at you and mumbles some strange words.
The bolt of fire hits you!!
* * * LOW HITPOINT WARNING * * *
You feel better. You block the tengu reaver's attack.
The tengu reaver misses you. You block the tengu reaver's attack.
You feel better.
The tengu reaver gestures at you while chanting.
The bolt of fire hits you but does no damage.
You closely miss the tengu reaver.
The tengu reaver is almost dead.
The tengu reaver hits you with a +0 battleaxe!!
You die...

#..................
#..........#####...
#.....(....#####...
#.....(...Q........
#.....###########..
#....(#.........#..
#...(.#.###.###.#..
#..Q..#.#.###.#.#..
#§@§..#.##)$[##.#).
#<....#..#:.(#..[.#
#.....#.##)?:####.#
#.....#.#.###.'.#.#
#.....#.###.###.#..
#.#...#.........#..
#.....###########..
#..................
#........#######...


You could see a tengu reaver (poisoned).

Vanquished Creatures
  Gastronok (D:9)
  A fire giant (D:12)
  A hydra (D:11)
  A centaur warrior (D:8)
  5 two-headed ogres
  2 boulder beetles
  A tengu warrior (D:12)
  Amaemon (D:11)
  2 skeletal warriors (D:11)
  A deep elf zephyrmancer (D:12)
  2 ugly things (D:12)
  3 cyclopes
  A salamander (shapeshifter) (D:11)
  2 manticores (D:12)
  An orange demon (D:11)
  3 gargoyles
  An unseen horror zombie (D:9)
  An efreet (D:12)
  3 unseen horrors
  2 tengu conjurers
  5 trolls
  A meliai (D:12)
  A hornet (D:9)
  3 shadows
  6 slime creatures
  A vampire (D:12)
  2 wyverns (D:8)
  6 wraiths
  21 yaks
  3 steam dragons
  4 acid dragons
  2 water moccasins (D:7)
  6 orc warriors
  A sky beast (D:6)
  6 black bears
  An ogre (D:9)
  A boggart (D:12)
  4 wolves
  6 centaurs
  A phantom (D:4)
  4 kobold brigands
  4 bullfrogs
  A gnoll sergeant (D:12)
  2 scorpions
  10 wights
  13 killer bees
  2 electric eels
  A centaur zombie (D:9)
  A gnoll bouda (D:9)
  5 hounds
  5 jellies
  3 orc priests
  2 sleepcaps
  2 iguanas
  9 orc wizards
  2 howler monkey zombies (D:9)
  9 gnolls
  3 adders
  3 dart slugs
  19 orcs
  12 ball pythons
  3 endoplasms
  5 giant cockroaches
  9 goblins
  4 hobgoblins
  4 jackals
  20 kobolds
  2 quokkas (D:2)
  4 bats
  7 frilled lizards
  3 rats
289 creatures vanquished.

Vanquished Creatures (collateral kills)
  A fire dragon (D:11)
  Erica (D:8)
  A boulder beetle (D:12)
  A skeletal warrior (D:11)
  A deep elf pyromancer (D:12)
  A cyclops (D:12)
  A manticore (D:12)
  A gargoyle (D:12)
  Jeremiah (D:9)
  An unseen horror zombie (D:9)
  2 tengu conjurers
  A troll (D:12)
  A slime creature (D:11)
  3 yaks (D:7)
  A bullfrog (D:9)
  A wyvern zombie (D:9)
  A wight (D:9)
  2 electric eels (D:10)
  A bat (D:1)
  An endoplasm (D:4)
24 creatures vanquished.

Grand Total: 313 creatures vanquished

Notes
Turn   | Place    | Note
-------+----------+-------------------------------------------
     0 | D:1      | jlumianski the Demonspawn Fighter began the quest for the
                  | Orb.
     0 | D:1      | Reached XP level 1. HP: 18/18 MP: 1/1
   108 | D:1      | Gained mutation: A weak demonic guardian rushes to your
                  | aid. [demonic ancestry]
   108 | D:1      | Reached XP level 2. HP: 24/24 MP: 2/2
   246 | D:1      | Reached skill level 2 in Axes
   564 | D:1      | Reached XP level 3. HP: 29/29 MP: 3/3
  1255 | D:2      | Identified the +8 ring mail "Famizuce" {rN+}
  2175 | D:3      | Reached XP level 4. HP: 31/35 MP: 4/4
  2700 | D:5      | Entered Level 5 of the Dungeon
  2722 | D:4      | Reached skill level 3 in Axes
  2928 | D:4      | Noticed a scorpion
  2935 | D:4      | Killed a scorpion
  2936 | D:4      | Reached XP level 5. HP: 39/42 MP: 5/5
  3388 | D:4      | Reached XP level 6. HP: 48/48 MP: 6/6
  3942 | D:5      | Reached skill level 1 in Dodging
  3945 | D:5      | Reached skill level 4 in Axes
  4294 | D:4      | Reached XP level 7. HP: 55/55 MP: 7/7
  4302 | D:4      | Reached skill level 5 in Axes
  4824 | D:9      | Reached skill level 5 in Fighting
  4840 | D:8      | Noticed a yak
  5009 | D:6      | Reached skill level 6 in Axes
  5009 | D:6      | Gained mutation: You are surrounded by a mild repulsion
                  | field. (EV +2) [demonic ancestry]
  5009 | D:6      | Reached XP level 8. HP: 62/62 MP: 8/8
  5767 | D:7      | Found a shimmering altar of Xom.
  6007 | D:7      | Reached skill level 7 in Axes
  6142 | D:7      | Gained mutation: A demonic guardian rushes to your aid.
                  | [demonic ancestry]
  6142 | D:7      | Reached XP level 9. HP: 68/68 MP: 9/9
  6323 | D:7      | Found a staircase to the Ecumenical Temple.
  6333 | Temple   | Entered the Ecumenical Temple
  6399 | Temple   | Became a worshipper of Qazlal Stormbringer
  6603 | D:7      | Reached skill level 8 in Axes
  6632 | D:7      | Reached skill level 5 in Armour
  7123 | D:8      | Reached skill level 5 in Shields
  7133 | D:8      | Reached skill level 9 in Axes
  7734 | D:8      | Gained mutation: You are surrounded by a moderate repulsion
                  | field. (EV +3) [demonic ancestry]
  7734 | D:8      | Reached XP level 10. HP: 76/76 MP: 10/10
  7776 | D:8      | Noticed a cyclops
  7776 | D:8      | Noticed a centaur warrior
  7959 | D:8      | Noticed a gargoyle
  7988 | D:8      | Killed a centaur warrior
  7989 | D:8      | Reached skill level 5 in Dodging
  8261 | D:7      | Reached * piety under Qazlal
  8403 | D:8      | Found an opulent altar of Gozag.
  8634 | D:8      | Killed a gargoyle
  8635 | D:8      | Reached skill level 10 in Axes
  8660 | D:8      | Killed a cyclops
  8991 | D:9      | Noticed Erica
  9119 | D:8      | Killed Erica
  9120 | D:8      | Reached skill level 1 in Invocations
  9120 | D:8      | Gained mutation: You regenerate a little health from kills.
                  | [demonic ancestry]
  9120 | D:8      | Reached XP level 11. HP: 35/84 MP: 11/11
  9271 | D:9      | Noticed a two-headed ogre
  9285 | D:9      | Killed a two-headed ogre
  9286 | D:9      | Reached skill level 11 in Axes
  9286 | D:9      | Reached skill level 1 in Throwing
  9516 | D:10     | Entered Level 10 of the Dungeon
  9637 | D:9      | Noticed Jeremiah
  9654 | D:9      | Killed Jeremiah
  9781 | D:9      | Reached ** piety under Qazlal
  9913 | D:9      | Paralysed by a hornet for 1 turns
 10025 | D:9      | Noticed Gastronok
 10053 | D:9      | Killed Gastronok
 10145 | D:9      | Found the sphere of Battle
 10428 | D:10     | Noticed a two-headed ogre
 10642 | D:9      | Killed a two-headed ogre
 10651 | D:10     | Reached skill level 1 in Evocations
 10692 | D:10     | Found a staircase to the Lair.
 10908 | D:10     | Noticed a two-headed ogre
 10909 | D:10     | Noticed a two-headed ogre
 10922 | D:10     | Killed a two-headed ogre
 10923 | D:10     | Reached skill level 5 in Invocations
 10923 | D:10     | Killed a two-headed ogre
 10965 | D:10     | Noticed a two-headed ogre
 10996 | D:10     | Killed a two-headed ogre
 10997 | D:10     | Reached skill level 12 in Axes
 10997 | D:10     | Gained mutation: You regenerate health from kills. [demonic
                  | ancestry]
 10997 | D:10     | Reached XP level 12. HP: 91/91 MP: 14/16
 11225 | D:10     | Found a radiant altar of Vehumet.
 11945 | D:11     | Noticed Amaemon
 11968 | D:11     | Killed Amaemon
 12473 | D:11     | Noticed a boulder beetle
 12493 | D:11     | Killed a boulder beetle
 13264 | D:12     | Reached skill level 13 in Axes
 13281 | D:12     | Noticed a boulder beetle
 13483 | D:12     | Noticed a tengu warrior
 13508 | D:12     | Killed a tengu warrior
 13517 | D:12     | Noticed a fire dragon
 13644 | D:11     | Killed a fire dragon
 13780 | D:11     | Gained mutation: You are surrounded by a strong repulsion
                  | field. (EV +4, RMsl) [demonic ancestry]
 13780 | D:11     | Reached XP level 13. HP: 80/99 MP: 19/19
 14148 | D:11     | Reached *** piety under Qazlal
 14427 | D:12     | Found a staircase to the Orcish Mines.
 14522 | D:12     | Identified the staff "Qoelony" {rF+ rC+ Str+4 Int-3 Fire}
 14596 | D:12     | Found a runed translucent door.
 14599 | D:12     | Noticed a storm dragon
 14599 | D:12     | Noticed a fire giant
 14599 | D:12     | Noticed a tengu reaver
 15414 | D:12     | Killed a fire giant
 15871 | D:12     | Mangled by a tengu reaver

Illustrated notes

Levels and vault maps discovered:
D:1:      erik_arrival_cave_to_civilisation [erik_arrival_cave_to_hall],
          layout_basic, serial_forest, infiniplex_forest_clump_small,
          infiniplex_forest_lined_3, infiniplex_forest_clump_double,
          infiniplex_forest_lined_ring, infiniplex_forest_clump_small,
          infiniplex_forest_lined_room_2, infiniplex_forest_straight_3,
          serial_park_tiny_pond, roderic_roman_lattice, minmay_tripent
D:2:      layout_basic, hangedman_decor_peaks_small
D:3:      layout_loops_ring
D:4:      layout_loops_corners, kennysheep_small_spiral
D:5:      layout_loops_ring
D:6:      layout_cave_pools, kennysheep_flooded_box, minmay_checkerbox
D:7:      layout_basic, amcnicky_altar_gilded, minmay_temple_entry_water_ring
D:8:      minmay_chambers_of_sevens, layout_cave_pools,
          nicolae_gozag_seed_capital, kennysheep_boxes
D:9:      layout_basic, serial_undead, serial_undead_d, serial_undead_c,
          serial_undead_e, serial_undead_f, serial_undead_b, serial_undead_d,
          grunt_ogre_cave, hellmonk_guarded_unrand_sphere_of_battle,
          uniq_jeremiah, uniq_erica, uniq_gastronok
D:10:     layout_loops_corners, vehumet_crystals, erik_lair_island,
          kennysheep_small_square
D:11:     layout_small_grid, nrook_uturn, hangedman_abyss_or_decor_stabs,
          uniq_amaemon
D:12:     minmay_the_grid_triangle_9x9_rhombus_thin_mashed
          [minmay_the_grid_triangle_9x9_windchime,
          minmay_the_grid_triangle_9x9_prize_schism,
          minmay_the_grid_triangle_9x9_dagger,
          minmay_the_grid_triangle_9x9_minimal], layout_stronghold,
          minmay_hidden_floor
D:13:     layout_basic, fedhas_altar_4
Temple:   nicolae_temple_bog_church

Skill      XL: |  1  2  3  4  5  6  7  8  9 10 11 12 13 |
---------------+----------------------------------------+-----
Armour         | 3 4 5 6 7 |  7.0
Axes           | 2 3 4 6 7 9 10 12 13 | 13.6
Shields        | 3 4 5 6 7 8 |  8.6
Fighting       | 4 5 6 7 8 |  8.9
Dodging        | 2 3 4 5 6 7 8 |  8.0
Invocations    | 1 5 8 9 |  9.1
Throwing       | 2 3 |  3.2
Evocations     | 1 |  1.3
Stealth        | |  0.4

Action                     |  1- 3 |  4- 6 |  7- 9 | 10-12 | 13-15 || total
---------------------------+-------+-------+-------+-------+-------++-------
  Melee: War axe           |   156 |   124 |   389 |   736 |   164 ||  1569
         Spear             |       |       |       |       |     3 ||     3
  Throw: Stone             |       |     7 |     8 |       |       ||    15
         Dart              |       |       |     3 |    31 |    16 ||    50
         Boomerang         |       |       |       |    14 |       ||    14
 Invoke: Upheaval          |       |       |       |     9 |     2 ||    11
         Elemental Force   |       |       |       |       |     1 ||     1
  Evoke: Wand              |       |       |       |    12 |     2 ||    14
    Use: Scroll            |       |     9 |     5 |     9 |     2 ||    25
         Potion            |       |     1 |     1 |     4 |     5 ||    11
   Stab: Distracted        |     1 |       |       |     3 |     1 ||     5
 Armour: Scale mail        |    74 |       |       |       |       ||    74
         Ring mail         |    28 |    61 |   253 |   411 |    91 ||   844
  Dodge: Dodged            |   111 |   112 |   422 |   905 |   113 ||  1663
         Repelled          |       |       |       |       |     1 ||     1
  Block: Buckler           |    39 |    27 |   103 |   483 |    85 ||   737

Table legend: (Time is in decaauts)
 A = Elapsed time spent in this place.
 B = Non-inter-level travel time spent in this place.
 C = Inter-level travel time spent in this place.
 D = Time resting spent in this place.
 E = Time spent auto-exploring this place.
 F = Levels seen in this place.
 G = Mean time per level.
                   A        B        C        D        E       F      G
               +--------+--------+--------+--------+--------+-----+--------+
         Total |  16050 |  15678 |    372 |   2603 |   7058 |  14 | 1146.4 |
       Dungeon |  15951 |  15579 |    372 |   2603 |   7058 |  13 | 1227.0 |
        Temple |     98 |     98 |      0 |      0 |      0 |   1 |   98.0 |
               +--------+--------+--------+--------+--------+-----+--------+

Top non-repeatable levels by time:
     D:8: 2071 daAuts
    D:11: 2044 daAuts
    D:12: 1973 daAuts
     D:7: 1798 daAuts
     D:1: 1322 daAuts
     D:9: 1280 daAuts
     D:4: 1171 daAuts
    D:10: 1133 daAuts
     D:6: 874 daAuts
     D:3: 808 daAuts
     D:2: 742 daAuts
     D:5: 725 daAuts
  Temple: 98 daAuts
    D:13: 5 daAuts
